[ AOE2 MATCH · #495280526 ]
UnrankedMongols vs Turks
Player's team · WIN
Rival team · LOSS
[ REPLAY ANALYSIS · EXTRACTED FROM THE RECORDED GAME ]
Feudal
8:48
Castle
23:33
Imperial
—
| APM avg | 35.6 |
| APM peak | 65 |
| eAPM avg | 22.1 |
| Villagers / military | 63 / 36 |
Focus
⚔️ 25.8% · 🌾 74.2%
Steppe Lancer ×20 · Archer ×7 · Scout Cavalry ×5 · Spearman ×4
Feudal
11:38
Castle
15:56
Imperial
—
| APM avg | 55.6 |
| APM peak | 89 |
| eAPM avg | 20.2 |
| Villagers / military | 50 / 13 |
Focus
⚔️ 24.0% · 🌾 76.0%
Janissary ×11 · Mangonel ×1 · Scout Cavalry ×1
Match map
Initial resources + every placement click. Lines = walls · curves = elevation contours. ◆ gold · ⬟ stone · ● berries · ✦ relic · ◌ wall gap
Your base· Open — 2t gap
jugi's base· Open — unwalled flank
Smoothed initial terrain · ◌ = detected wall gap · hover for details
Inputs per minute
— ZRT Enox - - jugi
Build order — ZRT Enox
First 150 of 197 actions detected
| 0:02 | Queue | Villager (Male) |
| 0:03 | Queue | Villager (Male) |
| 0:04 | Build | House |
| 0:05 | Build | House |
| 0:06 | Queue | Villager (Male) |
| 0:06 | Queue | Villager (Male) |
| 0:06 | Queue | Villager (Male) |
| 1:27 | Queue | Villager (Male) |
| 1:28 | Queue | Villager (Male) |
| 1:56 | Build | Lumber Camp |
| 2:00 | Queue | Villager (Male) |
| 2:00 | Queue | Villager (Male) |
| 2:15 | Queue | Villager (Male) |
| 2:15 | Queue | Villager (Male) |
| 2:53 | Queue | Villager (Male) |
| 2:53 | Queue | Villager (Male) |
| 3:23 | Queue | Villager (Male) |
| 3:24 | Queue | Villager (Male) |
| 3:24 | Queue | Villager (Male) |
| 3:25 | Queue | Villager (Male) |
| 3:26 | Queue | Villager (Male) |
| 4:21 | Build | House |
| 4:30 | Build | House |
| 4:36 | Queue | Villager (Male) |
| 4:49 | Build | Mill |
| 5:00 | Queue | Villager (Male) |
| 5:01 | Queue | Villager (Male) |
| 5:01 | Queue | Villager (Male) |
| 5:01 | Queue | Villager (Male) |
| 5:01 | Queue | Villager (Male) |
| 5:02 | Queue | Villager (Male) |
| 5:02 | Queue | Villager (Male) |
| 5:46 | Research | Loom |
| 6:38 | Research | Feudal Age |
| 7:15 | Queue | Villager (Male) |
| 7:15 | Queue | Villager (Male) |
| 7:52 | Queue | Villager (Male) |
| 7:52 | Queue | Villager (Male) |
| 8:00 | Build | Barracks |
| 8:45 | Build | House |
| 8:48 | Age | Feudal Age |
| 8:53 | Build | Stable |
| 8:56 | Build | House |
| 8:57 | Build | House |
| 8:57 | Build | House |
| 9:07 | Build | Palisade Wall |
| 9:08 | Build | Palisade Wall |
| 9:08 | Build | Palisade Wall |
| 9:11 | Build | Palisade Wall |
| 9:17 | Queue | Villager (Male) |
| 9:21 | Research | Double-Bit Axe |
| 9:36 | Queue | Scout Cavalry |
| 9:36 | Queue | Scout Cavalry |
| 10:04 | Queue | Villager (Male) |
| 10:26 | Queue | Scout Cavalry |
| 10:32 | Queue | Villager (Male) |
| 10:45 | Build | Archery Range |
| 10:49 | Build | Blacksmith |
| 10:51 | Build | House |
| 10:57 | Queue | Villager (Male) |
| 10:57 | Queue | Villager (Male) |
| 11:22 | Queue | Villager (Male) |
| 11:22 | Queue | Villager (Male) |
| 11:28 | Build | Mill |
| 11:40 | Queue | Villager (Male) |
| 11:42 | Queue | Archer |
| 12:00 | Queue | Villager (Male) |
| 12:00 | Queue | Villager (Male) |
| 12:12 | Queue | Villager (Male) |
| 12:17 | Queue | Villager (Male) |
| 12:17 | Queue | Villager (Male) |
| 12:30 | Build | Mining Camp |
| 13:14 | Queue | Archer |
| 13:14 | Queue | Archer |
| 13:23 | Queue | Villager (Male) |
| 13:39 | Build | Farm |
| 13:39 | Build | Farm |
| 13:40 | Build | Farm |
| 13:40 | Build | Farm |
| 13:40 | Build | Farm |
| 13:40 | Build | Farm |
| 13:40 | Build | Farm |
| 13:44 | Research | Horse Collar |
| 13:44 | Research | Horse Collar |
| 13:53 | Queue | Villager (Male) |
| 14:02 | Queue | Villager (Male) |
| 14:03 | Queue | Villager (Male) |
| 14:19 | Queue | Archer |
| 14:19 | Queue | Archer |
| 14:30 | Research | Fletching |
| 14:32 | Queue | Archer |
| 14:55 | Queue | Archer |
| 14:58 | Queue | Villager (Male) |
| 15:18 | Build | House |
| 15:20 | Build | House |
| 15:26 | Queue | Villager (Male) |
| 15:30 | Queue | Scout Cavalry |
| 15:30 | Queue | Scout Cavalry |
| 15:47 | Research | Padded Archer Armor |
| 15:47 | Research | Padded Archer Armor |
| 16:16 | Queue | Villager (Male) |
| 16:58 | Queue | Villager (Male) |
| 17:10 | Build | Barracks |
| 17:11 | Build | Barracks |
| 17:16 | Build | House |
| 17:17 | Build | House |
| 17:18 | Build | House |
| 17:20 | Build | House |
| 17:23 | Build | House |
| 17:27 | Build | Palisade Wall |
| 17:29 | Queue | Villager (Male) |
| 17:42 | Queue | Villager (Male) |
| 18:21 | Queue | Villager (Male) |
| 18:27 | Queue | Spearman |
| 18:27 | Queue | Spearman |
| 18:29 | Queue | Spearman |
| 18:29 | Queue | Spearman |
| 18:55 | Queue | Villager (Male) |
| 18:59 | Build | House |
| 20:00 | Queue | Villager (Male) |
| 20:07 | Build | Market |
| 20:08 | Build | House |
| 20:09 | Build | Palisade Wall |
| 20:10 | Build | House |
| 20:11 | Build | Palisade Wall |
| 20:13 | Build | House |
| 20:14 | Build | House |
| 20:15 | Build | Palisade Wall |
| 20:16 | Build | Palisade Wall |
| 20:27 | Queue | Villager (Male) |
| 20:53 | Research | Castle Age |
| 20:53 | Research | Castle Age |
| 21:01 | Build | Mining Camp |
| 21:11 | Research | Gold Mining |
| 21:11 | Research | Gold Mining |
| 21:18 | Build | Farm |
| 21:18 | Build | Farm |
| 21:19 | Build | Farm |
| 21:20 | Build | Farm |
| 22:10 | Queue | Villager (Male) |
| 22:17 | Research | Forging |
| 22:19 | Research | Scale Barding Armor |
| 22:19 | Research | Scale Barding Armor |
| 22:27 | Build | Stable |
| 22:29 | Build | Stable |
| 23:08 | Queue | Villager (Male) |
| 23:09 | Research | Wheelbarrow |
| 23:17 | Build | Stable |
| 23:33 | Age | Castle Age |
| 23:38 | Research | Iron Casting |
Build order — jugi
129 actions detected in the replay
| 0:00 | Queue | Villager (Male) |
| 0:00 | Queue | Villager (Male) |
| 0:01 | Queue | Villager (Male) |
| 0:01 | Queue | Villager (Male) |
| 0:02 | Build | House |
| 0:03 | Build | House |
| 1:25 | Queue | Villager (Male) |
| 1:25 | Queue | Villager (Male) |
| 2:02 | Queue | Villager (Male) |
| 2:03 | Queue | Villager (Male) |
| 2:15 | Queue | Villager (Male) |
| 2:16 | Queue | Villager (Male) |
| 2:48 | Queue | Villager (Male) |
| 2:48 | Queue | Villager (Male) |
| 2:56 | Build | Lumber Camp |
| 3:07 | Queue | Villager (Male) |
| 3:39 | Queue | Villager (Male) |
| 3:57 | Queue | Villager (Male) |
| 3:57 | Queue | Villager (Male) |
| 4:02 | Build | House |
| 4:38 | Build | House |
| 4:41 | Queue | Villager (Male) |
| 5:09 | Build | Mill |
| 5:12 | Queue | Villager (Male) |
| 5:41 | Queue | Villager (Male) |
| 6:23 | Queue | Villager (Male) |
| 6:39 | Queue | Villager (Male) |
| 7:14 | Queue | Villager (Male) |
| 7:37 | Queue | Villager (Male) |
| 7:43 | Build | Farm |
| 8:06 | Queue | Villager (Male) |
| 8:29 | Queue | Villager (Male) |
| 8:33 | Build | Farm |
| 8:36 | Build | House |
| 8:58 | Build | Palisade Gate |
| 9:01 | Build | House |
| 9:03 | Research | Loom |
| 9:08 | Build | Palisade Wall |
| 9:13 | Build | Farm |
| 9:23 | Research | Feudal Age |
| 11:38 | Age | Feudal Age |
| 11:40 | Queue | Villager (Male) |
| 11:40 | Queue | Villager (Male) |
| 11:50 | Build | Market |
| 11:57 | Build | Blacksmith |
| 12:33 | Build | Farm |
| 12:37 | Queue | Villager (Male) |
| 12:41 | Build | House |
| 12:48 | Build | Palisade Wall |
| 12:49 | Build | Palisade Wall |
| 12:49 | Build | Palisade Wall |
| 12:51 | Build | Palisade Wall |
| 12:53 | Build | Palisade Wall |
| 12:59 | Build | Palisade Wall |
| 13:01 | Build | Palisade Wall |
| 13:02 | Build | Palisade Wall |
| 13:05 | Build | Palisade Wall |
| 13:14 | Build | Farm |
| 13:16 | Research | Castle Age |
| 13:28 | Build | Mining Camp |
| 14:42 | Research | Double-Bit Axe |
| 14:45 | Research | Horse Collar |
| 15:03 | Build | Barracks |
| 15:56 | Age | Castle Age |
| 16:03 | Build | Town Center |
| 16:05 | Queue | Villager (Male) |
| 16:58 | Queue | Villager (Male) |
| 16:59 | Queue | Villager (Male) |
| 17:00 | Queue | Villager (Male) |
| 17:14 | Queue | Villager (Male) |
| 17:14 | Queue | Villager (Male) |
| 17:24 | Queue | Villager (Male) |
| 17:24 | Queue | Villager (Male) |
| 17:39 | Build | Lumber Camp |
| 18:16 | Build | Palisade Gate |
| 18:20 | Build | House |
| 19:03 | Build | Castle |
| 19:53 | Build | Siege Workshop |
| 20:01 | Research | Fletching |
| 20:36 | Queue | Mangonel |
| 20:51 | Queue | Villager (Male) |
| 20:51 | Queue | Villager (Male) |
| 20:51 | Queue | Villager (Male) |
| 20:52 | Queue | Villager (Male) |
| 20:52 | Queue | Villager (Male) |
| 20:56 | Build | Farm |
| 21:00 | Build | Farm |
| 21:31 | Queue | Villager (Male) |
| 22:04 | Queue | Villager (Male) |
| 22:12 | Queue | Villager (Male) |
| 22:12 | Queue | Villager (Male) |
| 22:37 | Queue | Villager (Male) |
| 22:39 | Build | Farm |
| 22:48 | Build | Palisade Wall |
| 22:56 | Build | Palisade Wall |
| 22:59 | Build | Palisade Wall |
| 23:04 | Build | Palisade Wall |
| 23:05 | Build | Palisade Wall |
| 23:08 | Build | Palisade Wall |
| 23:12 | Build | Palisade Wall |
| 23:13 | Build | Palisade Wall |
| 23:15 | Build | Palisade Wall |
| 23:16 | Build | Palisade Wall |
| 23:22 | Queue | Janissary |
| 23:23 | Queue | Janissary |
| 23:47 | Queue | Janissary |
| 23:55 | Build | Lumber Camp |
| 24:07 | Queue | Villager (Male) |
| 24:12 | Build | Farm |
| 24:14 | Build | Farm |
| 24:27 | Queue | Janissary |
| 24:49 | Queue | Janissary |
| 24:49 | Queue | Janissary |
| 24:59 | Queue | Villager (Male) |
| 25:02 | Build | Farm |
| 25:03 | Build | Farm |
| 25:07 | Queue | Janissary |
| 25:16 | Queue | Villager (Male) |
| 25:57 | Queue | Janissary |
| 26:08 | Build | Farm |
| 26:08 | Queue | Villager (Male) |
| 26:19 | Build | Stable |
| 26:24 | Queue | Janissary |
| 26:30 | Build | Farm |
| 26:39 | Build | Town Center |
| 26:49 | Queue | Scout Cavalry |
| 26:53 | Build | House |
| 26:55 | Queue | Janissary |
| 26:56 | Queue | Janissary |
Match timeline
| 8:00 | ZRT Enox · first_building Barracks |
| 8:48 | ZRT Enox · age_up feudal |
| 8:53 | ZRT Enox · first_building Stable |
| 9:07 | ZRT Enox · wall_segment Palisade Wall x8 |
| 9:08 | jugi · wall_segment Palisade Wall x3 |
| 9:08 | ZRT Enox · wall_segment Palisade Wall x1 |
| 9:08 | ZRT Enox · wall_segment Palisade Wall x1 |
| 9:11 | ZRT Enox · wall_segment Palisade Wall x1 |
| 10:45 | ZRT Enox · first_building Archery Range |
| 11:38 | jugi · age_up feudal |
| 12:48 | jugi · wall_segment Palisade Wall x1 |
| 12:49 | jugi · wall_segment Palisade Wall x1 |
| 12:49 | jugi · wall_segment Palisade Wall x1 |
| 12:51 | jugi · wall_segment Palisade Wall x1 |
| 12:53 | jugi · wall_segment Palisade Wall x1 |
| 12:59 | jugi · wall_segment Palisade Wall x1 |
| 13:01 | jugi · wall_segment Palisade Wall x1 |
| 13:02 | jugi · wall_segment Palisade Wall x1 |
| 13:05 | jugi · wall_segment Palisade Wall x1 |
| 15:03 | jugi · first_building Barracks |
| 15:56 | jugi · age_up castle |
| 17:27 | ZRT Enox · wall_segment Palisade Wall x10 |
| 17:35 | jugi · first_market_buy 100 wood |
| 19:03 | jugi · first_building Castle |
| 19:53 | jugi · first_building Siege Workshop |
| 20:09 | ZRT Enox · wall_segment Palisade Wall x1 |
| 20:11 | ZRT Enox · wall_segment Palisade Wall x1 |
| 20:15 | ZRT Enox · wall_segment Palisade Wall x6 |
| 20:16 | ZRT Enox · wall_segment Palisade Wall x14 |
| 20:51 | ZRT Enox · first_market_buy 100 food |
| 22:48 | jugi · wall_segment Palisade Wall x2 |
| 22:56 | jugi · wall_segment Palisade Wall x1 |
| 22:59 | jugi · wall_segment Palisade Wall x1 |
| 23:04 | jugi · wall_segment Palisade Wall x1 |
| 23:05 | jugi · wall_segment Palisade Wall x1 |
| 23:08 | jugi · wall_segment Palisade Wall x1 |
| 23:12 | jugi · wall_segment Palisade Wall x1 |
| 23:13 | jugi · wall_segment Palisade Wall x1 |
| 23:15 | jugi · wall_segment Palisade Wall x1 |
| 23:16 | jugi · wall_segment Palisade Wall x1 |
| 23:33 | ZRT Enox · age_up castle |
| 24:21 | ZRT Enox · first_market_sell 100 stone |
| 25:13 | ZRT Enox · wall_segment Palisade Wall x4 |
| 25:13 | ZRT Enox · wall_segment Palisade Wall x2 |
| 25:14 | ZRT Enox · wall_segment Palisade Wall x1 |
| 25:14 | ZRT Enox · wall_segment Palisade Wall x1 |
| 25:15 | ZRT Enox · wall_segment Palisade Wall x1 |
| 25:18 | ZRT Enox · wall_segment Palisade Wall x2 |
| 25:21 | ZRT Enox · wall_segment Palisade Wall x16 |
| 26:19 | jugi · first_building Stable |
| 28:07 | jugi · resign |
[ AI ANALYSIS · 1 CREDIT ]
What really happened in this match?
Wolo.gg analyzes every decision: build order, eco, micro, common mistakes by bracket. Personalized analysis on WhatsApp or Discord in 30 seconds.
Civ guide
Mongols
Perfil
Jugador #2791076